Map: Persephone LE

Players

jeannysu - Winner!

  • Race: Terran Terran
  • Spawn Location: 11:00

VOD

Have the link to the VOD?

Description

Time

  • Played on: Sept. 4, 2025, 9:37 a.m.
  • Length: 17:33
Show
View Real Time Build Order
Export as new Build Order

jeannysu Terran - Winner!

Build Orders:  

Get SALT Encoding   

  12  0:00  SCV  
  13  0:22  Supply Depot  
  13  0:23  SCV  
  14  0:40  SCV  
  15  0:56  Barracks  
  15  0:57  SCV  
  16  1:02  Refinery  
  16  1:14  SCV  
  17  1:31  SCV  
  18  1:48  SCV  
  19  2:05  Orbital Command  
  20  2:14  Reaper  
  20  2:22  Command Center  
  20  2:48  SCV  
  21  3:00  Factory  
  21  3:07  Barracks Tech Lab  
  21  3:10  SCV  
  21  3:14  Refinery  
  22  3:27  SCV  
  23  3:39  Unknown  
  23  4:02  SCV  
  23  4:03  Supply Depot  
  23  4:06  Orbital Command  
  24  4:15  Supply Depot  
  24  4:19  SCV  
  25  4:24  Siege Tank  
  28  4:32  Barracks Reactor  
  28  4:43  SCV x2  
  28  4:47  Refinery  
  30  5:00  SCV x2  
  32  5:17  Siege Tank, SCV  
  36  5:26  Marine x2  
  38  5:30  Starport  
  38  5:31  SCV  
  38  5:34  SCV  
  40  5:42  Barracks  
  40  5:47  Barracks  
  40  5:48  SCV  
  41  5:50  Marine  
  41  5:51  SCV  
  43  6:05  SCV  
  43  6:08  SCV  
  45  6:11  Refinery  
  45  6:18  Supply Depot  
  45  6:22  SCV  
  45  6:25  SCV  
  47  6:31  Starport Reactor  
  47  6:34  Siege Tank  
  50  6:41  Factory  
  50  6:46  SCV x2  
  52  7:00  Barracks Tech Lab  
  52  7:03  SCV x2  
  52  7:04  Barracks Tech Lab  
  54  7:11  Stimpack  
  54  7:12  Unknown  
  54  7:22  Supply Depot  
  54  7:30  Siege Tank  
  60  7:52  Supply Depot  
  60  7:53  Factory Tech Lab  
  60  7:55  Unknown  
  60  7:57  Marine  
  64  8:16  Supply Depot  
  64  8:35  Unknown  
  64  8:45  Armory  
  64  8:49  Armory  
  64  8:52  Unknown  
  64  8:56  Siege Tank  
  67  9:08  Command Center  
  67  9:12  Siege Tank x3  
  67  9:13  SCV, Siege Tank  
  68  9:23  SCV  
  68  9:24  Siege Tank  
  68  9:28  Viking  
  74  9:30  SCV  
  74  9:33  Viking  
  74  9:37  Marine  
  74  9:38  Marine  
  79  9:40  SCV  
  79  9:47  SCV  
  81  9:57  SCV  
  82  10:06  Unknown  
  82  10:13  Marine  
  82  10:14  Marine  
  84  10:48  Siege Tank x2  
  90  10:54  Orbital Command  
  90  11:00  Marine x2  
  90  11:01  Refinery, Marine  
  90  11:02  Marine  
  90  11:06  Siege Tank x5  
  100  11:12  Supply Depot  
  100  11:14  Supply Depot  
  100  11:17  Terran Vehicle Weapons Level 1  
  100  11:42  Siege Tank  
  103  12:03  Orbital Command  
  103  12:05  Unknown x2  
  103  12:07  Siege Tank x4  
  103  12:08  Siege Tank x2  
  109  12:27  Starport, Siege Tank  
  112  12:32  Terran Vehicle And Ship Armor Level 1  
  112  12:35  Supply Depot x2  
  112  12:37  Marine x2  
  114  13:03  Siege Tank x2  
  114  13:04  Siege Tank x6  
  114  13:05  Unknown x2  
  114  13:27  Viking x2  
  118  13:30  Siege Tank  
  118  13:31  Siege Tank  
  124  14:09  Viking x2  
  128  14:24  Command Center  
  128  14:28  Starport Reactor  
  128  14:34  Supply Depot  
  128  14:36  Supply Depot  
  128  14:38  Supply Depot  
  128  15:47  Siege Tank x2  
  146  16:03  Supply Depot  
  146  16:06  Supply Depot  
  146  16:07  Supply Depot  
  146  16:16  Siege Tank x3  
  146  16:17  Siege Tank x3  
  146  16:29  Orbital Command  
  146  16:32  Siege Tank  
  149  16:54  Unknown x2  
  149  16:55  Unknown x2  
Tags
 
Matchup
Co-op
Replay Pack
새 폴더
Add a new tag
Caveats
  • Supply blocks, unpowered buildings, or Contaminate may cause inaccurate times.
  • Supply counts are checked every 10 seconds.